 Dungeon Crawl Stone Soup version 0.30.1-4-g462c640d31 (webtiles) character file.

Game seed: 17928041153412153792

2943499 Amplified the Slayer (level 27, 321/321 HPs)
             Began as a Demonspawn Fighter on July 23, 2023.
             Was an Initiate of Gozag.
             Escaped with the Orb
             ... and 5 runes on Aug 26, 2023!
             The game lasted 03:03:40 (78154 turns).

Amplified the Slayer (Demonspawn Fighter)          Turns: 78154, Time: 03:03:40

Health: 321/321    AC: 17    Str: 26    XL:     27
Magic:  45/48      EV: 21    Int: 19    God:    Gozag
Gold:   6539       SH: 22    Dex: 15    Spells: 38/68 levels left

rFire   + + .        v - +10 morningstar of Vimpi {drain, rElec Stlth+}
rCold   + + .        I - +5 kite shield {rF+}
rNeg    . . .        b - +1 robe of Rotation {rC+ rCorr Int+4 Archmagi}
rPois   +            o - +0 mask of the Dragon {Will+ Slay+3 SInv}
rElec   +            P - +2 cloak {Will+}
rCorr   +            T - +0 pair of fencer's gloves {Riposte Dex+3}
SInv    +            (boots unavailable)
Will    ++++.        r - amulet of the acrobat
Stlth   +            k - ring "Ahuukk" {rPois rF+ rC+ Str+2 SInv}
HPRegen 0.73/turn    s - +4 ring of slaying
MPRegen 0.31/turn

%: repel missiles, acrobat, archmagi
@: studying Axes
A: hooves 3, repulsion field 3, icemail 2, robust 3, spiny 3, condensation
shield, horns 1, mutation resistance 1, screaming 1, weak 1, inability to read
after injury 1
0: Orb of Zot
}: 5/15 runes: decaying, serpentine, slimy, silver, abyssal
a: Renounce Religion, Potion Petition, Call Merchant, Bribe Branch


You escaped.
You worshipped Gozag.
Gozag was greatly pleased with you.
You visited 12 branches of the dungeon, and saw 56 of its levels.
You visited the Abyss 1 time.
You visited 1 bazaar.
You also visited: Trove, Ice Cave and Wizlab.

You collected 33075 gold pieces.
You spent 14946 gold pieces at shops.
You paid 11590 gold pieces to Gozag.

Inventory:

Hand Weapons
 v - the +10 morningstar of Vimpi (weapon) {drain, rElec Stlth+}
   (You acquired it on level 7 of the Dungeon)

   rElec:     It insulates you from electricity.
   Stlth:     It makes you more stealthy.
 A - a +7 eveningstar of electrocution
 H - a +3 demon whip of electrocution
 R - the +5 morningstar "Facuenut" {protect, rF- rC+++ rN++ Int-5}
   (You found it on level 5 of the Lair of Beasts)

   Int:       It affects your intelligence (-5).
   rF:        It makes you vulnerable to fire.
   rC:        It renders you almost immune to cold.
   rN:        It greatly protects you from negative energy.
 S - the +8 demon blade of the Desolation of Salt {venom, rC+}
   (You took it off a vault guard on level 5 of the Vaults)

   rC:        It protects you from cold.
Missiles
 h - 100 poisoned darts (quivered)
 C - 6 throwing nets
Armour
 b - the +1 robe of Rotation (worn) {rC+ rCorr Int+4 Archmagi}
   (You found it on level 4 of the Dungeon)

   Int:       It affects your intelligence (+4).
   rC:        It protects you from cold.
   rCorr:     It protects you from acid and corrosion.
   Archmagi:  It increases the power of your magical spells.
 j - +9 gold dragon scales
 o - the +0 mask of the Dragon (worn) {Will+ Slay+3 SInv}
   (You bought it in a shop on level 1 of the Depths)

   Slay:      It affects your accuracy & damage with ranged weapons and melee
   (+3).
   SInv:      It lets you see invisible.
   Will:      It increases your willpower.
 F - the +9 crystal plate armour of Ofuonneu {-Tele rC+ Str+2}
   (You acquired it on level 1 of the Depths)

   Str:       It affects your strength (+2).
   rC:        It protects you from cold.
   -Tele:     It prevents most forms of teleportation.
 I - a +5 kite shield of fire resistance (worn)
 P - a +2 cloak of willpower (worn)
 T - the +0 pair of fencer's gloves (worn) {Riposte Dex+3}
   (You bought it in a shop on level 2 of the Orcish Mines)

   Riposte:   It allows the wearer to riposte with melee weapons, swiftly
   retaliating against missed or blocked melee attacks.
   Dex:       It affects your dexterity (+3).
Magical Staves
 i - the staff of fire "Vihoihiz" {rF+ rN+}
   (You found it on level 3 of the Elven Halls)

   [staff of fire]

   Base accuracy: +5 Base damage: 5 Base attack delay: 1.2 This weapon's minimum
   attack delay (0.6) is reached at skill level 12.
   rF:        It protects you from fire.
   rN:        It protects you from negative energy.
   It falls into the 'Staves' category.
   It is a one-handed weapon.
Jewellery
 d - the amulet of Tobycros {Reflect +Inv rElec Str-2 SH+5 SInv}
   (You found it in a treasure trove)

   [amulet of reflection]

   It reflects blocked missile attacks.
   Str:       It affects your strength (-2).
   rElec:     It insulates you from electricity.
   SInv:      It lets you see invisible.
   +Inv:      It lets you turn invisible.
   SH:        It affects your SH (+5).
 k - the ring "Ahuukk" (left hand) {rPois rF+ rC+ Str+2 SInv}
   (You bought it in a shop on level 1 of the Elven Halls)

   [ring of see invisible]

   Str:       It affects your strength (+2).
   rF:        It protects you from fire.
   rC:        It protects you from cold.
   rPois:     It protects you from poison.
   SInv:      It lets you see invisible.
 r - an amulet of the acrobat (around neck)
 s - a +4 ring of slaying (right hand)
 z - the ring of Ryewkana {rC+ rCorr}
   (You found it on level 1 of the Vaults)

   [ring of protection from cold]

   rC:        It protects you from cold.
   rCorr:     It protects you from acid and corrosion.
 B - the amulet of Amiec {Acrobat Str+3 Dex+3 SInv}
   (You took it off a yaktaur captain on level 5 of the Vaults)

   [amulet of the acrobat]

   It increases your evasion while moving and waiting.
   Str:       It affects your strength (+3).
   Dex:       It affects your dexterity (+3).
   SInv:      It lets you see invisible.
 Q - the ring of Ephemeral Luck {rPois rN+ Dex+3}
   (You took it off a vampire on level 3 of the Crypt)

   [ring of positive energy]

   Dex:       It affects your dexterity (+3).
   rPois:     It protects you from poison.
   rN:        It protects you from negative energy.
 U - a ring of ice
 Y - the ring "Sahirgh" {rN+ Dex+4}
   (You found it on level 3 of the Crypt)

   [ring of positive energy]

   Dex:       It affects your dexterity (+4).
   rN:        It protects you from negative energy.
Wands
 D - a wand of flame (4)
 M - a wand of roots (64)
 N - a wand of mindburst (52)
 V - a wand of digging (20)
 W - a wand of light (34)
 Z - a wand of paralysis (34)
Scrolls
 c - 7 scrolls of summoning
 f - 24 scrolls of teleportation
 t - 5 scrolls of fog
 w - 9 scrolls of poison
 y - 7 scrolls of amnesia
 E - 11 scrolls of fear
 G - 5 scrolls of magic mapping
 O - a scroll of blinking
Potions
 g - 4 potions of cancellation
 l - 4 potions of magic
 m - a potion of haste
 n - 2 potions of mutation
 p - 12 potions of lignification
 q - 4 potions of ambrosia
 u - 16 potions of brilliance
 x - 8 potions of heal wounds
 J - a potion of resistance
 K - 25 potions of curing
 X - 8 potions of flight
Miscellaneous
 a - a phantom mirror
 e - a condenser vane


   Skills:
 - Level 26.9 Fighting
 - Level 16.0 Maces & Flails
 - Level 14.3 Armour
 - Level 10.4 Dodging
 - Level 15.3 Shields
 * Level 21.4 Spellcasting
 - Level 14.6 Summonings
 * Level 16.5 Translocations
 - Level 4.0 Ice Magic
 * Level 10.4 Air Magic


You had 38 spell levels left.
You knew the following spells:

 Your Spells              Type           Power      Damage    Failure   Level
a - Apportation           Tloc           100%       N/A       0%          1
b - Frozen Ramparts       Ice            100%       1d16      1%          3
c - Manifold Assault      Tloc           90%        N/A       1%          4
d - Dispersal             Tloc           45%        N/A       1%          6
e - Ozocubu's Armour      Ice            52%        N/A       1%          3
f - Passwall              Tmut/Erth      25%        N/A       4%          2
g - Airstrike             Air            37%        2d(6-22)  1%          4
h - Malign Gateway        Summ/Tloc      44%        N/A       4%          7

Your spell library contained the following spells:

 Spells                   Type           Power      Damage    Failure   Level
 Summon Small Mammal      Summ           100%       N/A       0%          1
 Gell's Gravitas          Tloc           90%        N/A       0%          3
 Teleport Other           Tloc           90%        N/A       0%          3
 Freeze                   Ice            100%       1d10      1%          1
 Shock                    Conj/Air       100%       1d9       1%          1
 Cigotuvi's Dreadful Rot  Necr/Pois/Air  100%       N/A       1%          2
 Poisonous Vapours        Pois/Air       100%       N/A       1%          2
 Static Discharge         Conj/Air       100%       2-7/arc   1%          2
 Call Canine Familiar     Summ           85%        N/A       1%          3
 Portal Projectile        Hex/Tloc       100%       N/A       1%          3
 Summon Guardian Golem    Hex/Summ       64%        N/A       1%          3
 Swiftness                Air            74%        N/A       1%          3
 Vhi's Electric Charge    Tloc/Air       100%       N/A       1%          3
 Volatile Blastmotes      Fire/Tloc      100%       2d18      1%          3
 Animate Armour           Summ/Erth      100%       N/A       1%          4
 Iskenderun's Mystic Bla  Conj/Tloc      67%        2d14      1%          4
 Passage of Golubria      Tloc           90%        N/A       1%          4
 Summon Ice Beast         Ice/Summ       70%        N/A       1%          4
 Summon Lightning Spire   Summ/Air       80%        N/A       1%          4
 Summon Forest            Summ/Tloc      44%        N/A       1%          5
 Summon Cactus Giant      Summ           42%        N/A       1%          6
 Ensorcelled Hibernation  Hex/Ice        82%        N/A       2%          2
 Beastly Appendage        Tmut           60%        N/A       3%          1
 Foxfire                  Conj/Fire      100%       2x1d9     3%          1
 Necrotise                Necr           100%       1d9       3%          1
 Sandblast                Erth           60%        2d14      3%          1
 Sting                    Tmut/Pois      100%       1d8       3%          1
 Scorch                   Fire           60%        2d8       4%          2
 Sublimation of Blood     Necr           30%        N/A       4%          2
 Wereblood                Tmut           30%        N/A       4%          2
 Hailstorm                Conj/Ice       41%        3d10      4%          3
 Summon Mana Viper        Hex/Summ       64%        N/A       4%          5
 Summon Hydra             Summ           42%        N/A       7%          7
 Inner Flame              Hex/Fire       30%        N/A       10%         3
 Spider Form              Tmut/Pois      30%        N/A       10%         3
 Stone Arrow              Conj/Erth      60%        3d10      10%         3
 Tukima's Dance           Hex            30%        N/A       10%         3
 Vampiric Draining        Necr           30%        2d8       10%         3
 Arcjolt                  Conj/Air       28%        1d38      11%         5
 Silence                  Hex/Air        28%        N/A       11%         5
 Ice Form                 Ice/Tmut       41%        N/A       14%         4
 Disjunction              Tloc           45%        N/A       24%         8
 Anguish                  Hex/Necr       15%        N/A       32%         4
 Cause Fear               Hex            15%        N/A       32%         4
 Dispel Undead            Necr           30%        3d14      32%         4
 Flame Wave               Conj/Fire      30%        2d9       32%         4
 Fulminant Prism          Conj/Hex       15%        3d11      32%         4
 Leda's Liquefaction      Hex/Erth       15%        N/A       32%         4
 Olgreb's Toxic Radiance  Pois           30%        N/A       32%         4
 Petrify                  Tmut/Erth      30%        N/A       32%         4
 Sticky Flame             Conj/Fire      30%        2d5       32%         4
 Metabolic Englaciation   Hex/Ice        20%        N/A       36%         5
 Summon Horrible Things   Summ           42%        N/A       45%         8
 Conjure Ball Lightning   Conj/Air       28%        3x3d8     52%         6
 Plasma Beam              Fire/Air       28%        2x1d45    52%         6
 Agony                    Necr           30%        N/A       65%         5
 Alistair's Intoxication  Tmut/Pois      20%        N/A       65%         5
 Blade Hands              Tmut           15%        N/A       65%         5
 Borgnjor's Vile Clutch   Necr/Erth      15%        N/A       65%         5
 Fireball                 Conj/Fire      15%        3d8       65%         5
 Irradiate                Conj/Tmut      15%        3d16      65%         5
 Iskenderun's Battlesphe  Conj           30%        2d8       65%         5
 Lee's Rapid Deconstruct  Erth           15%        3d10*     65%         5
 Yara's Violent Unravell  Hex/Tmut       15%        3d8       65%         5
 Haunt                    Necr/Summ      32%        N/A       80%         7
 Spellforged Servitor     Conj/Summ      32%        N/A       80%         7
 Maxwell's Capacitive Co  Air            37%        ∞         96%         8
 Storm Form               Tmut/Air       28%        N/A       97%         7
 Death Channel            Necr           15%        N/A       99%         6
 Eringya's Noxious Bog    Tmut/Pois      15%        N/A       99%         6
 Iron Shot                Conj/Erth      15%        9d4       99%         6
 Starburst                Conj/Fire      15%        6d6       99%         6
 Statue Form              Tmut/Erth      20%        N/A       99%         6
 Dragon Form              Tmut           15%        N/A       100%        7
 Enfeeble                 Hex            15%        N/A       100%        7
 Orb of Destruction       Conj           15%        9d7       100%        7
 Borgnjor's Revivificati  Necr           15%        N/A       100%        8
 Discord                  Hex            15%        N/A       100%        8
 Ignition                 Fire           15%        3d6       100%        8
 Infestation              Necr           15%        N/A       100%        8
 Lehudib's Crystal Spear  Conj/Erth      15%        10d5      100%        8
 Necromutation            Tmut/Necr      15%        N/A       100%        8
 Chain Lightning          Conj/Air       28%        3d38      100%        9
 Death's Door             Necr           15%        N/A       100%        9
 Dragon's Call            Summ           42%        N/A       100%        9
 Fire Storm               Conj/Fire      15%        8d4       100%        9
 Shatter                  Erth           15%        3d15*     100%        9
 Animate Dead             Necr           Unusable   N/A       N/A         4
 Simulacrum               Ice/Necr       Unusable   N/A       N/A         6

Dungeon Overview and Level Annotations

Branches:
Dungeon (15/15)            Temple (1/1) D:4            Lair (5/5) D:9
  Swamp (4/4) Lair:3        Snake (4/4) Lair:2        Slime (5/5) Lair:4
    Orc (2/2) D:10            Elf (3/3) Orc:2        Vaults (5/5) D:13
  Crypt (3/3) Vaults:2       Tomb (0/3) Crypt:3      Depths (4/4) D:15
    Zot (5/5) Depths:4      IceCv (visited)          WizLab (visited)

Altars:
Ashenzari
Cheibriados
Dithmenos
Fedhas
Gozag
Hepliaklqana
Kikubaaqudgha
Makhleb
Nemelex Xobeh
Okawaru
Qazlal
Ru
Sif Muna
Trog
Uskayaw
Vehumet
Wu Jian
Xom
Yredelemnul
Jiyva

Shops:
D:7 *([?   D:15 [   Orc:2 [=**   Elf:1 =[!?!==   Elf:2 :=:   Elf:3 ?   Lair:1 *
Lair:3 =   Vaults:1 [=   Vaults:2 :[   Vaults:3 :   Depths:1 [*

Portals:
Hell: Lair:5 Depths:1 Depths:2 Depths:3 Depths:4
Abyss: Depths:1 Depths:3
Pandemonium: Orc:2 Depths:2
Ziggurat: Depths:2

Annotations:
Zot:5 1 transporter


Innate Abilities, Weirdness & Mutations

You have hooves in place of feet.
You are surrounded by a strong repulsion field. (EV +4, RMsl)
A meltable icy envelope protects you from harm. (AC +8)
You are extremely robust. (+30% HP)
You are completely covered in sharp spines.
A meltable shield of frost defends you. (SH +4)
You have a pair of small horns on your head.
You are somewhat resistant to further mutation.
You occasionally shout uncontrollably at your foes.
You are weak. (Str -2)
You occasionally lose the ability to read scrolls when taking damage.


Message History

Unknown command.
You impale the Ice Fiend!!
You kick the Ice Fiend, but do no damage.
Your headbutt misses the Ice Fiend.
The Ice Fiend is moderately wounded.
The Ice Fiend gestures at you. The bolt of cold misses you.
Unknown command.
You bludgeon the Ice Fiend!! You kick the Ice Fiend!
The Ice Fiend is heavily wounded.
The Ice Fiend is struck by your spines. The Ice Fiend misses you.
You block the Ice Fiend's attack.
You riposte.
You thump the Ice Fiend! You kick the Ice Fiend. You headbutt the Ice Fiend.
The Ice Fiend is severely wounded.
Unknown command.
You sock the Ice Fiend!
You kick the Ice Fiend, but do no damage.
The Ice Fiend is almost dead.
The sentinel's mark upon you fades away.
Unknown command.
You hit the Ice Fiend but do no damage. Your kick misses the Ice Fiend.
You headbutt the Ice Fiend, but do no damage.
The Ice Fiend is almost dead.
You block the Ice Fiend's attack. The Ice Fiend claws you!
The Ice Fiend freezes you! You resist.
Unknown command.
You hit the Ice Fiend. You kick the Ice Fiend!
The Ice Fiend is almost dead.
The Ice Fiend gestures at you. The bolt of cold misses you.
You bludgeon the Ice Fiend!!
You kill the Ice Fiend!
Unknown command.
You now have 6539 gold pieces (gained 15).
Your icy envelope is restored.
There is a stone staircase leading down here.
There is an open door here.
There is a large open door here.
There is a staircase leading out of the dungeon here.
You have escaped!

## ##### #§§≈§§§###
≈≈≈§§§≈≈≈## ####
≈≈≈§#§§§≈≈# #...
≈§≈§§§§≈#######...
≈≈≈§≈#§§##...#...
####§§§≈§##...)...
#@.......'....##..
#>.......'....##..
####≈≈≈≈≈###'###..
§§≈≈≈≈#≈≈##..###..
§≈§≈≈§§≈≈##.....#..
§≈≈#≈≈§≈≈##........
§≈≈≈≈≈≈≈###.....###
≈§≈≈§§### #........
############.#...##.


There were no monsters in sight!

Vanquished Creatures
  the Royal Jelly (Slime:5)
  2 orbs of fire (Zot:5)
  2 dread liches
  2 ancient liches (Zot:5)
  Mennas (Crypt:2)
  Mara (Depths:3)
  Boris (twice) (Depths:3 Crypt:2)
  7 Killer Klowns (Zot:5)
  Xtahua (Crypt:1)
  Saint Roka (Vaults:5)
  A curse toe (Zot:4)
  The ghost of Quickbrownfox the Eclecticist, an adept DsCj of Vehumet (Vaults:3)
  Jory (Crypt:3)
  13 golden dragons
  Nikola (Snake:1)
  5 bone dragons
  A profane servitor (Abyss:2)
  3 electric golems
  A Tzitzimitl (D:14)
  2 pandemonium lords
  Rupert (Lair:3)
  Jorgrun (Snake:1)
  11 tentacled monstrosities
  The ghost of Quickbrownfox the Eclecticist, an adept DsCj of Vehumet (Vaults:1)
  24 Orb Guardians
  An Ice Fiend (D:1)
  3 quicksilver dragons (Zot:5)
  A walking earthen tome (Depths:4)
  3 liches
  2 deep elf master archers (Elf:3)
  3 deep elf blademasters
  4 titans (Vaults:5)
  3 death cobs
  A kraken (Abyss:2)
  8 tentacled starspawn
  4 ancient champions
  2 Executioners
  17 acid blobs
  5 tengu reavers
  2 sphinxes (Vaults:5)
  15 storm dragons
  2 draconian monks
  A shadow dragon (shapeshifter) (Vaults:5)
  2 thorn hunters (Abyss:4)
  2 revenants
  7 rockslimes
  2 draconian knights
  6 shadow dragons
  8 nagarajas (Snake:4)
  10 fire giants
  The ghost of Ficoysum the Skirmisher, a journeyman GnWn of Zin (D:14)
  7 azure jellies
  21 vault wardens
  7 deep elf sorcerers
  11 frost giants
  3 draconian scorchers
  9 ghouls
  A ghost moth (Zot:5)
  2 orc warlords
  Louise (Snake:1)
  6 curse skulls
  2 cacodemons
  2 reapers
  5 deep elf elementalists
  3 draconian stormcallers
  11 ironbound preservers
  5 draconian annihilators
  2 war gargoyles (Vaults:5)
  14 stone giants
  3 quicksilver oozes (Slime:5)
  15 vampire knights
  9 deep elf demonologists
  8 ironbound thunderhulks
  12 black draconians
  9 green draconians
  Azrael (D:14)
  Nessos (Lair:3)
  29 very ugly things
  2 eleionomae
  3 dire elephants
  7 deep elf annihilators
  2 bunyips
  7 red draconians
  5 purple draconians
  A spark wasp (shapeshifter) (Abyss:1)
  A blizzard demon (Abyss:2)
  6 spark wasps
  4 yellow draconians
  7 starcursed masses (Abyss:2)
  7 white draconians
  6 eidola
  5 fire dragons
  Snorg (D:12)
  10 ettins
  9 deep elf death magi
  10 jiangshi
  Josephine (D:15)
  2 entropy weavers (Vaults:4)
  3 green deaths
  A quicksilver dragon zombie (Crypt:3)
  16 yaktaur captains
  An entropy weaver (shapeshifter) (Abyss:2)
  A shambling mangrove (Abyss:4)
  Fannar (Lair:3)
  A mummy priest (Depths:1)
  4 rakshasas
  17 great orbs of eyes
  6 ice dragons
  A salamander tyrant (Snake:4)
  Erolcha (D:10)
  A peacekeeper (Vaults:3)
  15 hydras
  2 spriggan air magi
  38 vault guards
  3 ghost crabs
  A catoblepas (D:14)
  An ogre mage (D:13)
  2 demonspawn (Orc:2)
  3 hell beasts
  A fenstrider witch zombie (Crypt:3)
  5 ironbound frosthearts
  A death knight (D:15)
  25 dancing weapons
  5 boulder beetles
  10 centaur warriors
  3 deep troll shamans
  21 anacondas
  6 alligators
  9 tengu warriors
  8 two-headed ogres
  10 vampire magi
  4 hell hogs (D:1)
  19 naga warriors
  An emperor scorpion zombie (Crypt:2)
  A soul eater (Crypt:3)
  5 deep troll earth magi
  9 orc high priests
  14 naga sharpshooters
  A titan zombie (Crypt:1)
  A satyr (Abyss:4)
  20 deep elf knights
  8 thrashing horrors
  4 shock serpents
  A spriggan berserker (Depths:4)
  12 hell knights
  4 storm dragon zombies (Crypt:3)
  Urug (D:10)
  3 sun demons
  3 wretched stars
  A salamander mystic (Snake:4)
  5 iron trolls
  4 skysharks
  5 glowing orange brains
  31 skeletal warriors
  7 shadow wraiths
  8 sixfirhies
  8 goliath frogs
  A spark wasp zombie (Depths:3)
  8 swamp dragons
  3 golden dragon zombies (Crypt:3)
  6 sea snakes (Snake:1)
  3 spriggan druids
  2 flayed ghosts
  49 deep trolls
  10 deep elf archers
  11 naga ritualists
  2 bunyip zombies
  2 shadow dragon zombies
  2 shadow demons (Depths:1)
  2 sea snakes (shapeshifter)
  8 wizards
  12 bog bodies
  31 ironbound convokers
  6 lindwurms
  31 deep elf pyromancers
  6 orc knights
  5 harpies
  30 deep elf zephyrmancers
  6 necromancers
  25 ugly things
  20 phantasmal warriors
  A wolf spider (shapeshifter) (Vaults:5)
  A goliath frog zombie (Crypt:3)
  7 orc sorcerers
  5 shining eyes
  6 spectral spriggans (Swamp:2)
  11 mana vipers
  A goliath frog skeleton (Crypt:3)
  2 manticores
  16 moths of wrath
  3 will-o-the-wisps
  8 worldbinders
  A stone giant zombie (Crypt:3)
  An eleionoma skeleton (Crypt:1)
  8 salamanders
  A human skeleton (Vaults:5)
  2 cyclopes
  33 black mambas
  A fire giant zombie (Depths:1)
  2 centaur zombies
  2 frost giant skeletons (Depths:3)
  2 naga zombies
  2 water nymphs (Abyss:4)
  6 guardian serpents
  27 elephants
  Maurice (D:10)
  3 rust devils
  8 smoke demons
  An ice statue (IceCv)
  10 naga magi
  16 vault sentinels
  2 eyes of devastation
  A gargoyle (D:12)
  2 apocalypse crabs (Abyss:2)
  7 orange demons
  12 cane toads
  A torpor snail (Lair:1)
  A naga skeleton (Crypt:1)
  2 unseen horrors
  A purple draconian zombie (Crypt:1)
  Maggie (D:10)
  3 kobold demonologists
  6 rime drakes (Lair:5)
  A hellion (Abyss:2)
  3 efreet
  A komodo dragon (shapeshifter) (Vaults:5)
  4 freezing wraiths
  5 ancient zymes
  An unseen horror skeleton (Crypt:2)
  19 yaktaurs
  2 ice devils (Lair:5)
  11 komodo dragons
  4 tengu conjurers
  2 silent spectres (Abyss:2)
  A hellwing (Lair:5)
  2 harpy zombies
  2 red devils (Lair:5)
  6 trolls
  6 hornets
  A bloated husk (Swamp:4)
  A meliai (D:14)
  A tengu simulacrum (Depths:1)
  2 hydra zombies (Swamp:3)
  3 raiju
  A guardian serpent zombie (Crypt:3)
  13 tyrant leeches
  3 polar bears
  An alligator zombie (Swamp:3)
  A jumping spider (D:9)
  Sigmund (D:4)
  19 small abominations
  8 blink frogs
  81 slime creatures
  An ettin skeleton (Crypt:3)
  5 air elementals
  A culicivora (Vaults:4)
  5 flying skulls
  A centaur simulacrum (D:14)
  A black mamba zombie (Crypt:3)
  20 vampires
  25 yaks
  2 spriggans (Swamp:4)
  16 water elementals
  6 shadows
  6 ynoxinuls
  2 culicivoras (shapeshifter) (D:15)
  8 wraiths
  Eustachio (D:4)
  11 basilisks
  12 wyverns
  4 fire elementals
  3 fire bats (Abyss:1)
  A golden eye (shapeshifter) (Elf:3)
  10 golden eyes
  A yaktaur simulacrum (Vaults:5)
  15 large abominations
  A steam dragon (D:7)
  2 hogs (Swamp:2)
  13 vampire mosquitoes
  3 neqoxecs (Abyss:2)
  5 redbacks
  2 death yak simulacra (IceCv)
  Menkaure (D:6)
  A glowing shapeshifter zombie (Crypt:3)
  13 swamp worms
  5 chaos spawn
  5 wargs
  2 hydra simulacra
  50 nagas
  21 water moccasins
  A cane toad zombie (Crypt:2)
  An acid dragon (D:14)
  A floating eye (Depths:3)
  A glowing shapeshifter skeleton (Vaults:5)
  7 hell hounds
  A fire bat skeleton (Crypt:2)
  A two-headed ogre skeleton (Crypt:2)
  A black bear (D:5)
  41 orc warriors
  3 ice beasts
  3 sky beasts
  7 swamp drakes
  A snapping turtle zombie (Crypt:3)
  An ettin simulacrum (Depths:1)
  20 ogres
  11 wolves
  2 boggarts (Depths:1)
  A snapping turtle skeleton (Crypt:2)
  A tengu (D:6)
  10 centaurs
  A lindwurm skeleton (Crypt:1)
  7 kobold brigands
  2 phantoms
  20 bullfrogs
  An elf skeleton (Crypt:3)
  3 necrophages
  6 two-headed ogre simulacra (IceCv)
  3 cane toad simulacra (IceCv)
  5 earth elementals
  3 gnoll sergeants
  A scorpion (D:7)
  10 wights
  A queen bee zombie (Crypt:1)
  5 elephant simulacra (IceCv)
  6 killer bees
  6 electric eels
  14 howler monkeys
  2 swamp dragon simulacra (Swamp:3)
  A lava snake (D:9)
  A wolf skeleton (Crypt:1)
  4 jellies
  2 quasits
  Crazy Yiuf (D:3)
  3 hounds
  4 gnoll boudas
  A human zombie (Crypt:2)
  31 orc priests
  6 iguanas
  2 sleepcaps
  Jessica (D:3)
  2 black bear skeletons
  2 iron imps (Abyss:2)
  A boggart zombie (Crypt:1)
  23 orc wizards
  5 hell rats (Lair:5)
  4 spriggan simulacra
  Terence (D:3)
  A polar bear simulacrum (IceCv)
  3 troll simulacra (IceCv)
  A wolf simulacrum (IceCv)
  26 gnolls
  4 adders
  7 naga simulacra (IceCv)
  5 shadow imps
  8 white imps
  8 ufetubi
  3 worms
  112 orcs
  6 endoplasms
  3 giant cockroaches
  15 goblins
  9 hobgoblins
  9 quokkas
  3 ball pythons
  6 bats
  A dart slug zombie (Crypt:3)
  4 frilled lizards
  43 kobolds
  10 kobold skeletons
  9 kobold zombies (D:10)
  7 rats
  A spectral orc (D:15)
  4 starspawn tentacles (Abyss:2)
  6 tentacles (Abyss:2)
2515 creatures vanquished.

Vanquished Creatures (collateral kills)
  A moth of wrath (shapeshifter) (D:14)
  A troll (D:14)
2 creatures vanquished.

Vanquished Creatures (others)
  Kirke (Swamp:2)
  6 bloated husks
  A naga (Snake:1)
  A quasit (Abyss:4)
  An orc wizard (D:7)
  An orc (Orc:1)
  14 foxfires
  A lurking horror (Abyss:2)
  A spectral weapon (D:7)
  10 starspawn tentacles (Abyss:2)
  7 tentacles (Abyss:2)
44 creatures vanquished.

Grand Total: 2561 creatures vanquished

Notes
Turn   | Place    | Note
-------+----------+-------------------------------------------
     0 | D:1      | Amplified the Demonspawn Fighter began the quest for the
                  | Orb.
     0 | D:1      | Reached XP level 1. HP: 18/18 MP: 1/1
   131 | D:1      | Gained mutation: You are surrounded by a mild repulsion
                  | field. (EV +2) [demonic ancestry]
   131 | D:1      | Reached XP level 2. HP: 23/24 MP: 2/2
   693 | D:2      | Reached XP level 3. HP: 23/29 MP: 3/3
  1715 | D:3      | Gained mutation: A meltable shield of frost defends you.
                  | (SH +4) [demonic ancestry]
  1715 | D:3      | Reached XP level 4. HP: 28/35 MP: 4/4
  1805 | D:3      | Noticed Terence
  1816 | D:3      | Killed Terence
  2184 | D:3      | Noticed Jessica
  2189 | D:3      | Killed Jessica
  2190 | D:3      | Gained mutation: You have large cloven feet. [demonic
                  | ancestry]
  2190 | D:3      | Reached XP level 5. HP: 41/41 MP: 5/5
  2252 | D:3      | Found a runed translucent door.
  2253 | D:3      | Noticed Crazy Yiuf
  2483 | D:4      | Found a staircase to the Ecumenical Temple.
  2499 | Temple   | Entered the Ecumenical Temple
  2595 | Temple   | Became a worshipper of Gozag Ym Sagoz the Greedy
  2987 | D:4      | Noticed Sigmund
  2998 | D:4      | Killed Sigmund
  2999 | D:4      | Gained mutation: You have hoof-like feet. [demonic
                  | ancestry]
  2999 | D:4      | Reached XP level 6. HP: 48/48 MP: 6/6
  3058 | D:4      | Noticed Eustachio
  3374 | D:4      | Identified the +1 robe of Rotation {rC+ rCorr Int+4
                  | Archmagi}
  3409 | D:4      | Reached skill level 4 in Fighting
  3462 | D:4      | Killed Eustachio
  3463 | D:4      | Gained mutation: You are surrounded by a moderate repulsion
                  | field. (EV +3) [demonic ancestry]
  3463 | D:4      | Reached XP level 7. HP: 28/54 MP: 7/7
  3908 | D:5      | Entered Level 5 of the Dungeon
  4035 | D:3      | Killed Crazy Yiuf
  4148 | D:5      | Reached skill level 5 in Shields
  4268 | D:5      | Found a hide-covered altar of Uskayaw.
  4563 | D:6      | Noticed Prince Ribbit
  4585 | D:5      | Reached skill level 5 in Maces & Flails
  4820 | D:5      | Found a sacrificial altar of Ru.
  5039 | D:5      | Reached XP level 8. HP: 58/61 MP: 8/8
  5326 | D:6      | Prince Ribbit changed into Prince Ribbit the tengu
  5326 | D:6      | Noticed Prince Ribbit
  5334 | D:6      | Killed Prince Ribbit the tengu
  5686 | D:6      | Reached skill level 5 in Fighting
  5686 | D:6      | Noticed Menkaure
  5694 | D:6      | Killed Menkaure
  6533 | D:7      | Reached skill level 5 in Armour
  6582 | D:7      | Found Pomexamp's Magic Scroll Shoppe.
  6585 | D:7      | Found Wuuxotac's Armour Shoppe.
  6587 | D:7      | Found Ugejim's Weapon Shoppe.
  6604 | D:7      | Noticed a hornet
  6638 | D:7      | Killed a hornet
  6639 | D:7      | Gained mutation: You are partially covered in sharp spines.
                  | [demonic ancestry]
  6639 | D:7      | Reached XP level 9. HP: 24/69 MP: 9/9
  6881 | D:7      | Found Heithrele's Elemental Accessories.
  7020 | D:7      | Reached skill level 6 in Fighting
  7023 | D:7      | Paralysed by a hornet for 1 turns
  7198 | D:7      | Identified a scroll of acquirement
  7199 | D:7      | Acquired the +10 morningstar of Vimpi {drain, rElec Stlth+}
  7631 | D:7      | Gained mutation: A meltable icy envelope protects you from
                  | harm. (AC +8) [demonic ancestry]
  7631 | D:7      | Reached XP level 10. HP: 63/77 MP: 10/10
  8141 | D:8      | Noticed a centaur warrior
  8145 | D:8      | Killed a centaur warrior
  8157 | D:8      | Noticed a deep elf pyromancer
  8164 | D:8      | Killed a deep elf pyromancer
  8164 | D:8      | Noticed a five-headed hydra
  8165 | D:8      | Reached skill level 7 in Fighting
  8166 | D:8      | Noticed a centaur warrior
  8238 | D:7      | Bought a scroll of teleportation for 39 gold pieces
  8238 | D:7      | Bought a scroll of fear for 52 gold pieces
  8568 | D:9      | Found a bloodstained altar of Trog.
  8568 | D:9      | Found a hazy altar of Hepliaklqana.
  8607 | D:9      | Found a staircase to the Lair.
  9187 | D:9      | Found a runed translucent door.
  9459 | D:9      | Reached XP level 11. HP: 77/84 MP: 11/11
  9488 | D:9      | Found a runed translucent gate.
  9488 | D:9      | Found a runed translucent gate.
  9488 | D:9      | Found a runed translucent gate.
  9488 | D:9      | Found a runed translucent gate.
  9489 | D:9      | Found a runed translucent gate.
  9489 | D:9      | Noticed a boulder beetle
  9490 | D:9      | Found a runed translucent gate.
  9490 | D:9      | Noticed a lindwurm
  9490 | D:9      | Noticed a boulder beetle
  9819 | D:8      | Noticed a green ugly thing
  9819 | D:8      | Noticed a centaur warrior
  9820 | D:8      | Noticed a white ugly thing
  9834 | D:8      | Killed a green ugly thing
  9843 | D:8      | Killed a white ugly thing
 10146 | D:10     | Entered Level 10 of the Dungeon
 10153 | D:10     | Noticed Urug
 10160 | D:10     | Killed Urug
 10270 | D:10     | Noticed Maggie
 10406 | D:10     | Reached skill level 10 in Shields
 10530 | D:10     | Noticed Erolcha
 10560 | D:10     | Killed Erolcha
 10561 | D:10     | Reached skill level 8 in Fighting
 10689 | D:10     | Found an ornate altar of the Wu Jian Council.
 10984 | D:10     | Reached skill level 10 in Maces & Flails
 10992 | D:10     | Noticed Maurice
 11008 | D:10     | Killed Maggie
 11024 | D:10     | Killed Maurice
 11196 | D:10     | Found a staircase to the Orcish Mines.
 11324 | D:10     | Found an ancient bone altar of Kikubaaqudgha.
 11607 | D:11     | Noticed a green ugly thing
 11618 | D:11     | Killed a green ugly thing
 11948 | D:11     | Noticed a two-headed ogre
 11961 | D:11     | Noticed a two-headed ogre
 11969 | D:11     | Killed a two-headed ogre
 12106 | D:12     | Gained mutation: You are robust. (+10% HP) [demonic
                  | ancestry]
 12106 | D:12     | Reached XP level 12. HP: 79/103 MP: 12/12
 12106 | D:12     | Found a viscous altar of Jiyva.
 12245 | D:12     | Noticed Snorg
 12256 | D:12     | Killed Snorg
 12445 | D:12     | Noticed a boulder beetle
 12466 | D:12     | Killed a boulder beetle
 12634 | D:12     | Reached skill level 9 in Fighting
 13185 | D:13     | Noticed a two-headed ogre
 13354 | D:11     | Killed a two-headed ogre
 13593 | D:11     | Learned a level 1 spell: Apportation
 13674 | Lair:1   | Entered Level 1 of the Lair of Beasts
 14561 | Lair:1   | Identified the +1 tower shield of Follow the Leader {-Cast
                  | Harm rF+}
 14880 | Lair:2   | Noticed Sonja
 14885 | Lair:2   | Sonja changed into Sonja the ogre
 14885 | Lair:2   | Noticed Sonja
 14889 | Lair:2   | Killed Sonja the ogre
 15043 | Lair:2   | Found a staircase to the Snake Pit.
 15783 | Lair:3   | Reached XP level 13. HP: 88/112 MP: 13/13
 15914 | Lair:3   | Noticed Fannar
 15934 | Lair:3   | Killed Fannar
 16056 | Lair:3   | Found a staircase to the Swamp.
 16325 | Lair:3   | Noticed Rupert
 16411 | Lair:3   | Noticed Nessos
 16706 | Lair:4   | Reached skill level 10 in Fighting
 17146 | Lair:4   | Found a staircase to the Slime Pits.
 17910 | Lair:5   | Entered Level 5 of the Lair of Beasts
 18085 | Lair:5   | Found a frozen archway.
 18105 | IceCv    | Entered an ice cave
 18794 | IceCv    | Noticed a reaper
 18830 | IceCv    | Killed a reaper
 18871 | IceCv    | Got the Teachings on Rank Aeromancy
 19109 | Lair:4   | Reached XP level 14. HP: 61/122 MP: 14/14
 19419 | Lair:5   | Identified the +3 leather armour of the Morning {*Slow
                  | Str+3}
 19539 | Lair:5   | Reached skill level 10 in Armour
 20029 | Lair:5   | Reached skill level 11 in Fighting
 20327 | Lair:5   | Found a burning altar of Makhleb.
 20476 | Lair:5   | Found a gateway to Hell.
 20483 | Lair:5   | Identified the +5 morningstar "Facuenut" {protect, rF-
                  | rC+++ rN++ Int-5}
 21114 | Orc:1    | Entered Level 1 of the Orcish Mines
 21614 | D:13     | Reached skill level 15 in Maces & Flails
 21614 | D:13     | Reached XP level 15. HP: 130/130 MP: 15/15
 21686 | D:13     | Found a gate to the Vaults.
 22848 | D:14     | Gained mutation: You are mostly covered in sharp spines.
                  | [demonic ancestry]
 22848 | D:14     | Reached XP level 16. HP: 132/139 MP: 16/16
 23435 | D:14     | Noticed Ficoysum's ghost (journeyman GnWn)
 23436 | D:14     | Found a runed translucent door.
 23615 | D:14     | Reached skill level 15 in Shields
 23618 | D:14     | Noticed Azrael
 23643 | D:14     | Killed Azrael
 23851 | D:15     | Entered Level 15 of the Dungeon
 24042 | D:15     | Noticed Josephine
 24049 | D:15     | Killed Josephine
 24219 | D:15     | Found a sparkling altar of Nemelex Xobeh.
 24402 | D:15     | Reached skill level 12 in Fighting
 24798 | D:15     | Found a staircase to the Depths.
 25233 | D:15     | Found a basalt altar of Yredelemnul.
 25509 | D:14     | Killed Ficoysum's ghost
 26099 | D:9      | Reached skill level 1 in Dodging
 26114 | D:9      | Reached skill level 1 in Spellcasting
 26614 | D:8      | Upgraded the game from 0.30.1-3-gfc49f6343a to
                  | 0.30.1-4-g462c640d31
 26855 | Orc:1    | Paralysed by an orc sorcerer for 4 turns
 27683 | Orc:2    | Entered Level 2 of the Orcish Mines
 27743 | Orc:2    | Found a staircase to the Elven Halls.
 28083 | Orc:2    | Found Aroc's General Store.
 28084 | Orc:2    | Found Jeehiuni's General Store.
 28453 | Orc:2    | Bought a potion of heal wounds for 70 gold pieces
 28453 | Orc:2    | Bought a scroll of teleportation for 42 gold pieces
 28453 | Orc:2    | Bought a scroll of teleportation for 42 gold pieces
 28455 | Orc:2    | Bought a book of Rime for 420 gold pieces
 28455 | Orc:2    | Bought a condenser vane for 600 gold pieces
 28455 | Orc:2    | Bought a scroll of fear for 60 gold pieces
 28455 | Orc:2    | Bought a potion of invisibility for 120 gold pieces
 28773 | Orc:2    | Reached skill level 13 in Fighting
 28991 | Orc:2    | Found Qoteost's Jewellery Emporium.
 28991 | Orc:2    | Found a one-way gate leading to the halls of Pandemonium.
 28991 | Orc:2    | Found Urogrido's Antique Armour Shoppe.
 28997 | Orc:2    | Bought a pair of encrusted boots for 380 gold pieces
 28997 | Orc:2    | Identified the +2 pair of boots of the Poles {rF- rC+ Str+5
                  | Stlth+} (You bought it in a shop on level 2 of the Orcish
                  | Mines)
 28997 | Orc:2    | Bought the +0 pair of fencer's gloves {Riposte Dex+3} for
                  | 1600 gold pieces
 28997 | Orc:2    | Found the +0 pair of fencer's gloves {Riposte Dex+3}
 29351 | Lair:1   | Bought a potion of curing for 111 gold pieces
 29351 | Lair:1   | Bought a scroll of fog for 148 gold pieces
 29351 | Lair:1   | Bought a phantom mirror for 1480 gold pieces
 29417 | Swamp:1  | Entered Level 1 of the Swamp
 29465 | Swamp:1  | Learned a level 3 spell: Frozen Ramparts
 29840 | Swamp:1  | Reached XP level 17. HP: 150/150 MP: 24/24
 29986 | Swamp:2  | Reached skill level 5 in Spellcasting
 30038 | Swamp:1  | Reached skill level 5 in Dodging
 30458 | Swamp:4  | Entered Level 4 of the Swamp
 31265 | Swamp:4  | Reached skill level 14 in Fighting
 31314 | Swamp:4  | Got a decaying rune of Zot
 33476 | Swamp:2  | Noticed a tentacled monstrosity
 33494 | Swamp:2  | Killed a tentacled monstrosity
 34650 | Swamp:2  | Noticed Kirke
 34664 | Swamp:2  | Killed Kirke
 35226 | Lair:3   | Killed Nessos
 35259 | Lair:3   | Killed Rupert
 35368 | Lair:3   | Reached skill level 15 in Fighting
 35373 | Lair:3   | Reached XP level 18. HP: 163/163 MP: 30/30
 35645 | Snake:1  | Entered Level 1 of the Snake Pit
 35665 | Snake:1  | Noticed Jorgrun
 35683 | Snake:1  | Killed Jorgrun
 35734 | Snake:1  | Noticed Nikola
 35768 | Snake:1  | Killed Nikola
 35774 | Snake:1  | Noticed Louise
 35788 | Snake:1  | Killed Louise
 37956 | Snake:2  | Identified the +8 hand axe "Syempid" {flame, Fly rElec}
 38561 | Snake:3  | Reached skill level 10 in Dodging
 38561 | Snake:3  | Reached skill level 10 in Spellcasting
 38607 | Snake:3  | Reached skill level 16 in Fighting
 40070 | Snake:4  | Entered Level 4 of the Snake Pit
 41189 | Snake:4  | Gained mutation: You are completely covered in sharp
                  | spines. [demonic ancestry]
 41189 | Snake:4  | Reached XP level 19. HP: 131/174 MP: 34/34
 41583 | Snake:4  | Reached skill level 17 in Fighting
 42363 | Snake:4  | Got a serpentine rune of Zot
 42865 | Elf:1    | Entered Level 1 of the Elven Halls
 43075 | Elf:1    | Noticed a Tzitzimitl
 43182 | Elf:1    | Found Caiv's Magic Scroll Shoppe.
 43186 | Elf:1    | Found Syfisasak's Jewellery Emporium.
 43186 | Elf:1    | Found Jabbozi's Antique Armour Shoppe.
 43189 | Elf:1    | Found Emiomeonk's Distillery.
 43201 | Elf:1    | Bought a runed cloak for 210 gold pieces
 43220 | Elf:1    | Bought a potion of curing for 45 gold pieces
 43220 | Elf:1    | Bought a potion of heal wounds for 75 gold pieces
 43226 | Elf:1    | Bought a scroll of teleportation for 39 gold pieces
 43226 | Elf:1    | Bought 3 scrolls of teleportation for 117 gold pieces
 43226 | Elf:1    | Bought a scroll of enchant weapon for 97 gold pieces
 43226 | Elf:1    | Bought a scroll of magic mapping for 97 gold pieces
 43321 | Elf:1    | Found Rirchod's Jewellery Boutique.
 43329 | Elf:1    | Bought the ring "Ahuukk" {rPois rF+ rC+ Str+2 SInv} for 488
                  | gold pieces
 43477 | Elf:1    | Found Vobrihou's Distillery.
 43481 | Elf:1    | Bought a potion of curing for 42 gold pieces
 43481 | Elf:1    | Bought a potion of curing for 42 gold pieces
 43481 | Elf:1    | Bought a potion of mutation for 112 gold pieces
 43481 | Elf:1    | Gained mutation: You are vulnerable to heat. (rF-) [potion
                  | of mutation]
 43517 | Elf:1    | Found Haulur's Jewellery Shop.
 43933 | Elf:3    | Entered Level 3 of the Elven Halls
 43986 | Elf:3    | Found Cumuy's Magic Scroll Boutique.
 43996 | Elf:3    | Bought a scroll of teleportation for 48 gold pieces
 43996 | Elf:3    | Bought a scroll of teleportation for 48 gold pieces
 43996 | Elf:3    | Bought a scroll of teleportation for 48 gold pieces
 43996 | Elf:3    | Bought a scroll of teleportation for 48 gold pieces
 43996 | Elf:3    | Bought a scroll of enchant armour for 120 gold pieces
 44445 | Elf:3    | Reached skill level 18 in Fighting
 44834 | Elf:2    | Lost mutation: You are vulnerable to heat. (rF-) [potion of
                  | mutation]
 44834 | Elf:2    | Gained mutation: You occasionally lose the ability to drink
                  | potions when taking damage. [potion of mutation]
 44835 | Elf:2    | Lost mutation: You occasionally lose the ability to drink
                  | potions when taking damage. [potion of mutation]
 44835 | Elf:2    | Gained mutation: You are partially covered in large bone
                  | plates. (SH +4) [potion of mutation]
 44835 | Elf:2    | Gained mutation: You are clumsy. (Dex -2) [potion of
                  | mutation]
 45196 | Elf:2    | Found a runed translucent gate.
 45197 | Elf:2    | Found a runed translucent gate.
 45197 | Elf:2    | Found a runed translucent gate.
 45259 | Elf:2    | Found Oshaytwa's Book Shoppe.
 45259 | Elf:2    | Found Goatziygo's Jewellery Shop.
 45261 | Elf:2    | Found Wacexa's Book Shoppe.
 45279 | Elf:2    | Bought a manual of Fighting for 1040 gold pieces
 45598 | Vaults:1 | Entered Level 1 of the Vaults
 45735 | Vaults:1 | Identified the ring of Ryewkana {rC+ rCorr}
 45756 | Vaults:1 | Paralysed by a great orb of eyes for 4 turns
 45761 | Vaults:1 | Reached skill level 19 in Fighting
 46220 | Vaults:1 | Reached XP level 20. HP: 144/193 MP: 37/37
 46224 | Vaults:1 | Reached skill level 20 in Fighting
 46494 | Vaults:1 | Identified the +0 scale mail "Fagh" {rC+ Dex+3 Stlth+}
 46497 | Vaults:1 | Found a transporter.
 46497 | Vaults:1 | Noticed Quickbrownfox's ghost (adept DsCj)
 46503 | Vaults:1 | Found a transporter.
 46689 | Vaults:1 | Found Reuh's Jewellery Emporium.
 47115 | Vaults:1 | Reached skill level 21 in Fighting
 48006 | Vaults:4 | Reached skill level 22 in Fighting
 48163 | Vaults:4 | Found a flickering gateway to a bazaar.
 48526 | Bazaar   | Entered a bazaar
 48526 | Bazaar   | Found Qozyzodgh's Antique Armour Shoppe.
 48526 | Bazaar   | Found Uqioruim's Book Emporium.
 48529 | Bazaar   | Found Hiykhow's Book Shoppe.
 48546 | Bazaar   | Found Tomeiklyv's Assorted Antiques.
 48554 | Bazaar   | Bought a scroll of fear for 64 gold pieces
 48554 | Bazaar   | Bought a scroll of teleportation for 48 gold pieces
 48564 | Bazaar   | Bought a fine leather armour for 168 gold pieces
 48564 | Bazaar   | Identified the +0 leather armour of Elyvilon's Grace {-Tele
                  | rC+ Int+3} (You bought it in a shop in a bazaar)
 48564 | Bazaar   | Bought a distressingly furry plate armour for 672 gold
                  | pieces
 48564 | Bazaar   | Identified the +14 plate armour "Teschi" {rC+ Will+} (You
                  | bought it in a shop in a bazaar)
 48576 | Bazaar   | Bought the Grimoire of the Many Nights for 576 gold pieces
 48586 | Bazaar   | Bought a book of the Warp for 378 gold pieces
 49186 | Vaults:3 | Learned a level 4 spell: Manifold Assault
 49220 | Vaults:3 | Found Listey's Book Boutique.
 49382 | Vaults:3 | Reached skill level 1 in Translocations
 49450 | Vaults:3 | Found a runed translucent gate.
 49450 | Vaults:3 | Found a runed translucent gate.
 49451 | Vaults:3 | Found a runed translucent gate.
 49451 | Vaults:3 | Noticed Quickbrownfox's ghost (adept DsCj)
 50168 | Vaults:3 | Got Sif Muna's Quarto of Spellbinding Earth
 50365 | Vaults:3 | Reached skill level 5 in Translocations
 50365 | Vaults:3 | Gained mutation: You have hooves in place of feet. [demonic
                  | ancestry]
 50365 | Vaults:3 | Reached XP level 21. HP: 200/200 MP: 38/38
 51056 | Vaults:3 | Killed Quickbrownfox's ghost
 51127 | Vaults:3 | Got The Lost Testimony of the Luminary
 51132 | Vaults:3 | Reached skill level 23 in Fighting
 51226 | Vaults:2 | You fall into a shaft and drop 1 floor!
 51442 | Vaults:2 | Gained mutation: You are surrounded by a strong repulsion
                  | field. (EV +4, RMsl) [demonic ancestry]
 51442 | Vaults:2 | Reached XP level 22. HP: 220/220 MP: 39/39
 52147 | Vaults:2 | Found Jedgh's Book Shop.
 52155 | Vaults:2 | Bought a manual of Translocations for 960 gold pieces
 52362 | Vaults:2 | Found a staircase to the Crypt.
 52680 | Depths:1 | Entered Level 1 of the Depths
 52748 | Depths:1 | Found a portal to a secret trove of treasure.
 52772 | Depths:1 | You paid a toll of 6 scrolls of blinking to enter a
                  | treasure trove
 52773 | Trove    | Entered a treasure trove
 52777 | Trove    | Identified the amulet of Tobycros {Reflect +Inv rElec Str-2
                  | SH+5 SInv}
 52779 | Trove    | Identified the amulet "Hoxasm" {Reflect Str+3 SH+5}
 52795 | Trove    | Identified the ring of Oxzih {Dex+3 SInv}
 52815 | Trove    | Identified the amulet "Enargh" {Reflect Str+8 Int+3 Dex-3
                  | SH+5}
 52916 | Depths:1 | Found an opulent altar of Gozag.
 53148 | Depths:1 | Found a one-way gate to the infinite horrors of the Abyss.
 53472 | Depths:1 | Found Puewad's Armour Shoppe.
 53477 | Depths:1 | Bought the +0 mask of the Dragon {Will+ Slay+3 SInv} for
                  | 567 gold pieces
 53477 | Depths:1 | Found the +0 mask of the Dragon {Will+ Slay+3 SInv}
 53591 | Depths:1 | Found a shimmering blue altar of Sif Muna.
 53612 | Depths:1 | Identified the amulet "Zobred" {RegenMP Regen+ rCorr}
 53957 | Depths:1 | Acquired the +9 crystal plate armour of Ofuonneu {-Tele rC+
                  | Str+2}
 54012 | Depths:2 | Reached skill level 1 in Summonings
 54046 | Depths:2 | Found a one-way gateway to a ziggurat.
 55293 | Depths:2 | Reached skill level 5 in Summonings
 55596 | Depths:3 | Acquired 878 gold pieces
 55598 | Depths:3 | Noticed Mara
 55602 | Depths:3 | Noticed Amplified's illusion
 55612 | Depths:3 | Killed Mara
 55728 | Depths:3 | Reached skill level 10 in Translocations
 56397 | Depths:3 | Noticed Boris
 56422 | Depths:3 | Killed Boris
 56606 | Depths:3 | Reached skill level 15 in Spellcasting
 57315 | Depths:4 | Entered Level 4 of the Depths
 57321 | Depths:4 | Found a gate to the Realm of Zot.
 57322 | Depths:4 | Noticed a golden dragon
 57700 | Depths:4 | Reached XP level 23. HP: 56/229 MP: 42/42
 58043 | Depths:4 | Reached skill level 24 in Fighting
 58959 | Depths:1 | Bought a scroll of blinking for 157 gold pieces
 58959 | Depths:1 | Bought a scroll of fear for 84 gold pieces
 58959 | Depths:1 | Bought a scroll of brand weapon for 199 gold pieces
 58960 | Depths:1 | Bought a scroll of enchant weapon for 157 gold pieces
 60322 | Elf:3    | Reached skill level 10 in Summonings
 60338 | Elf:3    | Identified the +3 scimitar of Doom {venom, Fragile +Blink
                  | Int+7}
 60341 | Elf:3    | Identified the +7 spear of Toutuosa {vamp, Fly Str+2 SInv}
 60341 | Elf:3    | Identified the +0 leather armour "Geko" {rCorr}
 60508 | Elf:3    | Identified the +2 robe "Sost" {Will+ Int+2 Stlth+}
 60598 | Elf:3    | Identified the +4 short sword of Unpleasantness {holy,
                  | MP+9}
 60623 | Elf:3    | Identified the +0 giant club of Xuhoqul {venom, rPois Will+
                  | Str+3}
 60629 | Elf:3    | Got the Tome of Variable Doom
 60632 | Elf:3    | Identified the staff of fire "Vihoihiz" {rF+ rN+}
 60635 | Elf:3    | Identified the staff of death "Asazxar" {rElec rN+}
 60647 | Elf:3    | Identified the staff of earth "Biucet" {Int+3}
 60672 | Elf:3    | Identified the staff of poison "Aloe" {rPois Will+ rCorr}
 60678 | Elf:3    | Got the Incunable of the Caves
 61334 | Crypt:1  | Entered Level 1 of the Crypt
 61713 | Crypt:1  | Identified the +1 scale mail of the Sneaky Geomancers {Harm
                  | rN+ rCorr Int-3}
 61851 | Crypt:1  | Noticed Xtahua
 61860 | Crypt:1  | Killed Xtahua
 62150 | Crypt:3  | Entered Level 3 of the Crypt
 62224 | Crypt:2  | Noticed Mennas
 62254 | Crypt:3  | Found a staircase to the Tomb.
 62341 | Crypt:3  | Found a magical portal.
 62409 | WizLab   | Entered The Roulette of Golubria
 62409 | WizLab   | Found a transporter.
 63570 | Crypt:3  | Gained mutation: A meltable icy envelope protects you from
                  | harm. (AC +8) [demonic ancestry]
 63570 | Crypt:3  | Reached XP level 24. HP: 240/240 MP: 43/43
 64027 | Crypt:3  | Identified the ring of Ephemeral Luck {rPois rN+ Dex+3}
 64063 | Crypt:3  | Noticed Jory
 64092 | Crypt:3  | Killed Jory
 64281 | Crypt:3  | Reached skill level 25 in Fighting
 64538 | Crypt:3  | Identified the amulet of the Lich-sworn {Reflect rCorr
                  | Str-3 Dex+3 SH+5}
 64728 | Crypt:3  | Found the +3 pair of gauntlets of War {Slay+5}
 64945 | Crypt:3  | Identified the ring "Deitueze" {rN+ Will- Str+2 Dex+3}
 64945 | Crypt:3  | Identified the ring "Sahirgh" {rN+ Dex+4}
 65037 | Crypt:2  | Killed Mennas
 65285 | Crypt:2  | Identified the +0 robe "Kedgho" {rC+}
 65292 | Crypt:2  | Noticed Boris
 65302 | Crypt:2  | Killed Boris
 65672 | Crypt:2  | Found a runed translucent door.
 65673 | Crypt:2  | Noticed a dread lich
 66113 | Crypt:2  | Killed a dread lich
 66246 | Vaults:2 | Bought a bloodstained ring mail for 297 gold pieces
 66246 | Vaults:2 | Identified the +3 ring mail "Degica" {Fly Regen+ Str-5
                  | Int+3} (You bought it in a shop on level 2 of the Vaults)
 66246 | Vaults:2 | Bought shiny gold dragon scales for 2739 gold pieces
 66761 | Vaults:1 | Killed Quickbrownfox's ghost
 67285 | Vaults:5 | Entered Level 5 of the Vaults
 67569 | Vaults:5 | Identified the +0 scale mail of Defiance {Will+}
 67673 | Vaults:5 | Noticed Saint Roka
 67690 | Vaults:5 | Killed Saint Roka
 68085 | Vaults:5 | Gained mutation: You are very robust. (+20% HP) [demonic
                  | ancestry]
 68085 | Vaults:5 | Reached XP level 25. HP: 228/276 MP: 8/45
 68211 | Vaults:5 | Reached skill level 1 in Ice Magic
 68260 | Vaults:5 | Reached skill level 26 in Fighting
 68615 | Vaults:5 | Identified the staff of earth "Qumulay" {rPois rF+ Int-3}
 68667 | Vaults:5 | Identified the amulet of Amiec {Acrobat Str+3 Dex+3 SInv}
 68667 | Vaults:5 | Identified the +8 demon blade of the Desolation of Salt
                  | {venom, rC+}
 68841 | Vaults:5 | Identified the +6 quarterstaff of Tenacity {pain, rF- rC+
                  | Int+3 Stlth+}
 69632 | Vaults:5 | Got a silver rune of Zot
 70244 | Depths:1 | Voluntarily entered the Abyss.
 70379 | Abyss:1  | Learned a level 6 spell: Dispersal
 71190 | Abyss:2  | Gained mutation: You are vulnerable to heat. (rF-) [a
                  | cacodemon]
 71253 | Abyss:2  | Found a corrupted altar of Lugonu.
 71254 | Abyss:2  | Found a corrupted altar of Lugonu.
 71254 | Abyss:2  | Found a corrupted altar of Lugonu.
 71365 | Abyss:2  | Found a corrupted altar of Lugonu.
 71405 | Abyss:2  | Found a corrupted altar of Lugonu.
 71435 | Abyss:2  | Found a corrupted altar of Lugonu.
 71448 | Abyss:2  | Learned a level 3 spell: Ozocubu's Armour
 71467 | Abyss:2  | Found a corrupted altar of Lugonu.
 71594 | Abyss:2  | Found a corrupted altar of Lugonu.
 71599 | Abyss:2  | Found a corrupted altar of Lugonu.
 71599 | Abyss:2  | Found a corrupted altar of Lugonu.
 71698 | Abyss:2  | Found a corrupted altar of Lugonu.
 71903 | Abyss:2  | Found a corrupted altar of Lugonu.
 71910 | Abyss:2  | Found a corrupted altar of Lugonu.
 71910 | Abyss:2  | Found a corrupted altar of Lugonu.
 72020 | Abyss:4  | Found a corrupted altar of Lugonu.
 72110 | Abyss:4  | Learned a level 2 spell: Passwall
 72167 | Abyss:4  | Got an abyssal rune of Zot
 72185 | Depths:1 | Escaped the Abyss
 72498 | Slime:1  | Entered Level 1 of the Pits of Slime
 72510 | Slime:1  | Learned a level 4 spell: Airstrike
 72551 | Slime:2  | Gained mutation: You are weak. (Str -2) [a shining eye]
 72556 | Slime:2  | Reached skill level 1 in Air Magic
 72655 | Slime:3  | Gained mutation: You are extremely robust. (+30% HP)
                  | [demonic ancestry]
 72655 | Slime:3  | Reached XP level 26. HP: 277/312 MP: 32/46
 72807 | Slime:5  | Entered Level 5 of the Pits of Slime
 73167 | Slime:5  | Learned a level 7 spell: Malign Gateway
 73226 | Slime:5  | Found a viscous altar of Jiyva.
 73306 | Slime:5  | Noticed the Royal Jelly
 73323 | Slime:5  | Killed the Royal Jelly
 73491 | Slime:5  | Got a slimy rune of Zot
 73882 | Zot:1    | Entered Level 1 of the Realm of Zot
 73911 | Zot:1    | Lost mutation: You are clumsy. (Dex -2) [potion of
                  | mutation]
 73911 | Zot:1    | Lost mutation: You are partially covered in large bone
                  | plates. (SH +4) [potion of mutation]
 73911 | Zot:1    | Lost mutation: You are vulnerable to heat. (rF-) [potion of
                  | mutation]
 73911 | Zot:1    | Gained mutation: You occasionally shout uncontrollably at
                  | your foes. [potion of mutation]
 73911 | Zot:1    | Gained mutation: You have a pair of small horns on your
                  | head. [potion of mutation]
 73911 | Zot:1    | Gained mutation: You are somewhat resistant to further
                  | mutation. [potion of mutation]
 74393 | Zot:2    | Reached skill level 5 in Air Magic
 74587 | Zot:4    | Identified the +7 glaive of the Swamp {antimagic, rF+ rC+
                  | Str-5 Int+2}
 75212 | Zot:5    | Entered Level 5 of the Realm of Zot
 75254 | Zot:5    | Found a transporter.
 75486 | Zot:5    | Reached skill level 15 in Translocations
 75511 | Zot:5    | Noticed an ancient lich
 75526 | Zot:5    | Killed an ancient lich
 76074 | Zot:5    | Noticed an orb of fire
 76100 | Zot:5    | Gained mutation: You occasionally lose the ability to read
                  | scrolls when taking damage. [an orb of fire]
 76114 | Zot:5    | Killed an orb of fire
 76115 | Zot:5    | Reached XP level 27. HP: 249/321 MP: 27/47
 76228 | Zot:5    | Noticed an orb of fire
 76250 | Zot:5    | Killed an orb of fire
 76476 | Zot:5    | Noticed an ancient lich
 76486 | Zot:5    | Killed an ancient lich
 76575 | Zot:5    | Noticed a dread lich
 76592 | Zot:5    | Killed a dread lich
 77412 | Zot:5    | Got the Orb of Zot
 77427 | Zot:5    | Noticed Qoip the pandemonium lord
 77436 | Zot:5    | Killed Qoip the pandemonium lord
 77476 | Zot:5    | Reached skill level 10 in Air Magic
 77776 | D:14     | Noticed Unizac the pandemonium lord
 77793 | D:14     | Killed Unizac the pandemonium lord
 78066 | D:2      | Noticed Mihe the pandemonium lord
 78154 | D:$      | Escaped with the Orb!

Illustrated notes

Levels and vault maps discovered:
D:1:      lightli_molten_gateway, layout_basic
D:2:      layout_rooms, minmay_quadrilaterals
D:3:      layout_basic, minmay_close_crescents, uniq_jessica, uniq_terence,
          uniq_crazy_yiuf_cottage
D:4:      corexii_shantytown, layout_basic, minmay_temple_entry_sparse_star,
          amcnicky_mini_corridor_feature, uniq_eustachio, uniq_sigmund
D:5:      layout_basic, lemuel_round_altar, nicolae_ru_awakened_eye
D:6:      layout_loops_corners, uniq_menkaure, uniq_prince_ribbit1
D:7:      layout_loops_ring, nicolae_elemental_shop,
          nicolae_shop_distant_corner_stores, minmay_alternating_orb
D:8:      minmay_the_grid_triangle_9x9_rhombus_thin
          [minmay_the_grid_triangle_9x9_impossible_snake,
          minmay_the_grid_triangle_9x9_prize_center,
          minmay_the_grid_triangle_9x9_cache,
          minmay_the_grid_triangle_9x9_zippers_vertical], layout_basic,
          serial_bayou_lagoon_a
D:9:      gammafunk_indiana_jones, layout_long_grid,
          gammafunk_temple_overflow_claw, david_lair_shrubbed
D:10:     wander_kiku_kobolds, layout_layer_cave, lemuel_crystal_altar,
          erik_orc_1, nicolae_figureground_pulse, uniq_maurice, uniq_erolcha,
          uniq_urug, uniq_maggie
D:11:     layout_cave_pools
D:12:     layout_basic, jiyva_altar_1, uniq_snorg
D:13:     layout_rooms, erik_vaults_1, serial_bayou, serial_bayou_pond_d,
          serial_bayou_shore_b, serial_bayou_shore_b, serial_bayou_pond_d
D:14:     minmay_connected_boxes_in_corner, layout_cave_pools,
          hellmonk_ghost_happy_afterlife, special_room [special_room_orc],
          uniq_azrael
D:15:     grunt_enter_depths_snipers, layout_stronghold,
          nemelex_diamond_rough_becter, yredelemnul_forgotten_temple_becter,
          uniq_josephine
Temple:   minmay_temple_bridge_d
Lair:1:   layout_small_grid, hibernation_bobbens, grunt_megastairs_5
Lair:2:   layout_cave_pods, guppyfry_snake_entry_garden, uniq_sonja
Lair:3:   beast_lair_carwin_large_1, layout_gridlike, swamp_mist_pool,
          grunt_forest_small_clearings, nicolae_quartered_pool_impasse,
          infiniplex_staircase_pool_2, uniq_nessos, uniq_fannar, uniq_rupert
Lair:4:   layout_layer_cave, slime_entry_1, beast_lair_carwin_2
Lair:5:   evil_forest, layout_hall_layers, portal_ice_cave_rime, special_room
          [special_room_mythical_zoo], serial_bayou_shore_b
Swamp:1:  layout_basic_swamp, evilmike_swamp_ruin_house_5, swamp_pool5
Swamp:2:  nicolae_swamp_flooded_prison, layout_falls_marsh,
          evilmike_swamp_ruin_rubble_2, swamp_pool2, nicolae_swamp_tree_designs,
          uniq_kirke
Swamp:3:  layout_basic_swamp, evilmike_swamp_ruin_rubble_1, swamp_pool2,
          nicolae_swamp_necromancer_hut
Swamp:4:  swamp_vile, layout_basic_swamp
Snake:1:  layout_gridlike, nicolae_snake_snake_lake,
          nicolae_snake_gridmaze_tees, uniq_jorgrun, uniq_louise, uniq_nikola
Snake:2:  layout_gridlike, abandoned_shop
Snake:3:  layout_honeycomb, nicolae_snake_boneroom
Snake:4:  grunt_snake_rune_serpentine_throne, layout_chambers,
          grunt_megastairs_1, serial_bayou_shore_b
Slime:1:  layout_caves
Slime:2:  layout_caves, cheibrodos_slime_lost_civilization_5
Slime:3:  layout_caves
Slime:4:  layout_caves
Slime:5
Orc:1:    layout_caves, basic_altar
Orc:2:    pf_orc_diabolical, layout_caves, minmay_orc_temple_a
Elf:1:    eino_elf_arrival_customs, layout_geoelf_diagonals, serial_shops,
          nicolae_diamond_shop, shop, nicolae_shop_peninsula,
          hangedman_elf_represent, glass_columns_a, minmay_shoptagon
Elf:2:    nicolae_elf_blades_crystal_corner, layout_geoelf_diagonals,
          lemuel_elevator, minmay_shop_grove
Elf:3:    elf_hall, layout_geoelf_castle, serial_shops, shop,
          nicolae_elf_crossing_hall
Vaults:1: gammafunk_ghost_arena, nicolae_vaults_apartment_1,
          nicolae_vaults_big_ls, nicolae_vaults_heist, nicolae_vaults_asterisk,
          nicolae_vaults_theta, vaults_room_guarded_vault, vaults_room_fours,
          vaults_dpeg_emergency_exit, layout_vaults_omnigrid, serial_shops,
          nicolae_shop_trees
Vaults:2: minmay_crypt_entry_nasty_monster, nicolae_vaults_holding_cells,
          nicolae_vaults_trapezoid_lopsided_3, grunt_vaults_twisty,
          nicolae_vaults_rhombus_7, nicolae_vaults_little_squares_6,
          nicolae_vaults_diamond_1, layout_vaults_big_room, serial_shops,
          nicolae_shop_window_shopping
Vaults:3: gammafunk_ghost_split, vaults_room_corners,
          nicolae_vaults_network_periphery, nicolae_vaults_tetromino_Z_2,
          ontoclasm_vaults_ring_large, vaults_room_semicircle,
          nicolae_vaults_variable_pillar_hall, hangedman_vaults_unwind,
          nicolae_vaults_mitosis, vaults_room_pools, v_rooms_4,
          nicolae_vaults_stepped_doors, nicolae_vaults_shipping_containers_4,
          nicolae_vaults_specimen_jars, nicolae_vaults_apartment_1,
          layout_vaults_omnibox, serial_shops, nicolae_book_shop_shelving
Vaults:4: nicolae_vaults_shipping_containers_7,
          nicolae_vaults_door_testing_chamber, nicolae_vaults_more_shelving_1,
          nicolae_vaults_what_the_h, v_misc_28, v_misc_29, v_alt_pattern_1,
          ontoclasm_vaults_tryst, nicolae_vaults_three_branches,
          nicolae_vaults_tetromino_Z_1, ontoclasm_vaults_twist,
          ontoclasm_vaults_shuriken, vaults_room_pool,
          nicolae_vaults_double_plus_1, layout_vaults_big_cross, serial_shops,
          bzr_firewalk
Vaults:5: uniq_saint_roka
Crypt:1:  layout_misc_corridors, uniq_xtahua
Crypt:2:  cheibrodos_crypt_cold_storage, layout_catacombs, uniq_mennas,
          uniq_margery
Crypt:3:  due_elkab, layout_chaotic_city, mu_enter_wizlab_5
Depths:1: layout_cave_shapes, abyss_entry_crystal, serial_shops,
          nicolae_shop_behind_doors, pf_vacation_house_of_asmodeus,
          nicolae_trove_entry_crystal, grunt_gozag_breadcrumbs,
          hangedman_summoners_spam
Depths:2: nicolae_cairo_tiling_large, layout_gridlike, enter_ziggurat_c,
          pan_entry, hell_entry, infiniplex_staircase_pillars_3a
Depths:3: nicolae_cairo_tiling_large_dashed, layout_honeycomb,
          hangedman_abyss_entry_splay, grunt_hell_entry_dis_mu, uniq_boris,
          uniq_mara
Depths:4: grunt_crosshair, layout_basic, grunt_metal_band, skrybe_limestone_x
Zot:1:    layout_basic
Zot:2:    layout_basic
Zot:3:    kennysheep_ambush_hall, layout_gridlike, st_stairs_5,
          grunt_ministairs_14, zot_minivault_4
Zot:4:    layout_onion
Zot:5:    layout_cathedral_of_symmetry, nicolae_diode_basic

Skill      XL: |  1  2  3  4  5  6  7  8  9 10 11 12 13 14 15 16 17 18 19 20 21 22 23 24 25 26 27 |
---------------+----------------------------------------------------------------------------------+-----
Maces & Flails | 2 3 4 5 6 7 9 10 12 13 15 16 | 16.0
Shields        | 3 4 5 6 8 9 10 12 13 14 15 | 15.3
Armour         | 3 4 5 6 7 8 9 10 11 12 14 | 14.3
Fighting       | 4 5 6 7 8 9 10 11 13 15 16 19 22 23 24 25 26 | 26.9
Dodging        | 4 8 10 | 10.4
Spellcasting   | 4 8 11 13 15 16 18 19 20 21 | 21.4
Translocations | 5 6 11 13 15 16 | 16.5
Summonings     | 8 13 14 | 14.6
Ice Magic      | 4 |  4.0
Air Magic      | 1 8 10 | 10.4

Action                     |  1- 3 |  4- 6 |  7- 9 | 10-12 | 13-15 | 16-18 | 19-21 | 22-24 | 25-27 || total
---------------------------+-------+-------+-------+-------+-------+-------+-------+-------+-------++-------
  Melee: Flail             |   173 |   198 |   286 |       |       |       |       |       |       ||   657
         Kick              |       |     4 |       |       |       |       |    60 |  1031 |   713 ||  1808
         Unarmed           |       |       |     1 |       |       |     4 |       |       |       ||     5
         Morningstar       |       |       |    36 |   551 |   755 |  1600 |  1022 |  1832 |  1560 ||  7356
         Headbutt          |       |       |       |       |       |       |       |       |   181 ||   181
  Throw: Throwing net      |       |     1 |       |       |       |       |       |       |       ||     1
         Dart              |       |     5 |     7 |     1 |       |       |     1 |       |       ||    14
   Cast: Frozen Ramparts   |       |       |       |       |       |     1 |     1 |       |    10 ||    12
         Apportation       |       |       |       |       |       |       |     1 |       |       ||     1
         Manifold Assault  |       |       |       |       |       |       |     1 |   121 |   199 ||   321
         Ozocubu's Armour  |       |       |       |       |       |       |       |       |     4 ||     4
 Invoke: Potion Petition   |       |       |     1 |     2 |       |     5 |     1 |     3 |     2 ||    14
         Call Merchant     |       |       |       |       |     1 |     2 |     1 |     2 |       ||     6
Ability: End Transformatio |       |       |       |       |       |     1 |       |       |       ||     1
  Evoke: Wand              |       |     5 |    14 |    14 |     2 |    15 |     3 |       |     6 ||    59
         Piece from Xom's  |       |       |       |     2 |       |     1 |       |       |       ||     3
         Condenser vane    |       |       |       |       |       |     4 |     3 |     3 |     2 ||    12
         Lightning rod     |       |       |       |       |       |     4 |     1 |     5 |       ||    10
         Phantom mirror    |       |       |       |       |       |     1 |     1 |     1 |       ||     3
    Use: Scroll            |     6 |     6 |     9 |    11 |     8 |     9 |    11 |    26 |    11 ||    97
         Potion            |       |     7 |     7 |     7 |    10 |    18 |    11 |    11 |    12 ||    83
   Stab: Distracted        |       |       |     1 |     4 |     7 |     9 |     3 |     8 |    18 ||    50
         Sleeping          |       |       |     1 |     7 |     6 |    13 |     6 |     3 |     4 ||    40
         Invisible         |       |       |       |       |       |    16 |       |       |       ||    16
         Paralysed         |       |       |       |       |       |     8 |       |       |     2 ||    10
         Confused          |       |       |       |       |       |       |     4 |       |       ||     4
 Armour: Scale mail        |    96 |   101 |     3 |       |       |       |       |       |       ||   200
         Robe              |       |       |    50 |    98 |   161 |   238 |    96 |   138 |   109 ||   890
         Skin              |       |       |    33 |     5 |    18 |     9 |       |       |       ||    65
  Dodge: Dodged            |    90 |   134 |   178 |   245 |   338 |   665 |   324 |   512 |   416 ||  2902
         Repelled          |       |       |       |       |       |       |       |    18 |    34 ||    52
  Block: Buckler           |    47 |   116 |   122 |   245 |   368 |   770 |   449 |   309 |       ||  2426
         Kite shield       |       |       |       |       |       |       |       |   822 |   813 ||  1635
Riposte: Morningstar       |       |       |       |       |       |   239 |   184 |   417 |   304 ||  1144
         Unarmed           |       |       |       |       |       |       |       |       |     1 ||     1
